 Dungeon Crawl Stone Soup version 0.16.1-16-gc44b35d (webtiles) character file.

123 jacksonaction the Changer (level 5, -1/33 HPs)
             Began as an Octopode Transmuter on Apr 15, 2015.
             Succumbed to poison (a potion of poison)
             ... on level 2 of the Dungeon.
             The game lasted 00:06:11 (1500 turns).

jacksonaction the Changer (Octopode Transmuter)     Turns: 1500, Time: 00:06:12

Health: -1/33      AC:  1    Str: 14    XL:     5   Next: 7%
Magic:  9/9        EV: 12    Int: 16    God:
Gold:   21         SH:  0    Dex: 13    Spells: 2 memorised, 4 levels left

rFire  . . .     SeeInvis .       - Unarmed
rCold  . . .     Clarity  .     (no shield)
rNeg   . . .     SustAb   .     (helmet restricted)
rPois  .         Gourm    .     (no amulet)
rElec  .         Spirit   .     (no ring)
rCorr  .         Warding  .     (no ring)
rMut   .         Stasis   .     (no ring)
MR     .....                    (no ring)
Stlth  ++........               (no ring)
                                (no ring)
                                (no ring)
                                (no ring)

@: mighty, lethally poisoned (-1 -> -26), very slightly contaminated, hasted,
very quick, not resistant to hostile enchantments, unstealthy
A: almost no armour, amphibious, 8 rings, constrict 8, camouflage 1, gelatinous
body 1
a: no special abilities


You were on level 2 of the Dungeon.
You were not hungry.

You visited 1 branch of the dungeon, and saw 2 of its levels.

You collected 21 gold pieces.

Inventory:

Missiles
 b - 12 arrows
 e - 50 stones
 i - 2 javelins (quivered)
Jewellery
 l - an uncursed ring of magical power {unknown}
 q - a +5 ring of dexterity {unknown}
Scrolls
 c - a scroll of amnesia {unknown}
 h - a scroll of enchant weapon {unknown}
 k - 2 scrolls of identify {unknown}
 n - a scroll of remove curse {unknown}
 p - a scroll of immolation {unknown}
Books
 d - a book of Changes

   Spells                             Type                      Level
   a - Beastly Appendage              Transmutation                1
   b - Sticks to Snakes               Transmutation                2
   c - Spider Form                    Transmutation/Poison         3
   d - Ice Form                       Ice/Transmutation            4
   e - Blade Hands                    Transmutation                5
Comestibles
 a - a bread ration
 f - a beef jerky
 j - a slice of pizza


   Skills:
 - Level 1.0 Fighting
 - Level 2.0 Dodging
 - Level 3.0 Unarmed Combat
 - Level 2.0 Spellcasting
 + Level 4.9 Transmutations
 + Level 1.2 Poison Magic


You had 4 spell levels left.
You knew the following spells:

 Your Spells              Type           Power        Failure   Level  Hunger
a - Beastly Appendage     Trmt           ###...       3%          1    #......
b - Spider Form           Trmt/Pois      ##........   17%         3    ###....


Dungeon Overview and Level Annotations

Branches:
Dungeon (2/15)

Altars:


Innate Abilities, Weirdness & Mutations

You cannot wear most types of armour.
You are amphibious.
You can wear up to eight rings at the same time.
You can use your tentacles to constrict many enemies at once.
Your skin changes colour to match your surroundings (Stealth).
Your rubbery body absorbs attacks (AC +1).


Message History

It was a potion of poison.
That liquid tasted very nasty...
You are more poisoned.
You feel sick.
* * * LOW HITPOINT WARNING * * *
You feel sick.
* * * LOW HITPOINT WARNING * * *
You feel sick.
You see here a bubbling amethyst potion.
g - a bubbling amethyst potion
* * * LOW HITPOINT WARNING * * *
You feel sick.
Drink which item? (? for menu, Esc to quit)
It was a potion of restore abilities.
You feel refreshed.
* * * LOW HITPOINT WARNING * * *
You feel sick.
* * * LOW HITPOINT WARNING * * *
You feel sick.
* * * LOW HITPOINT WARNING * * *
You feel sick.
You die...

#... #... #.#. #.#. #...
#### #### #### #### #.
#(8###.8###?8###.8# #.
+........@..†..)..# #.
#################'#######.
#........#. #........#.
#........#. #........'.
#........## #........# ###
########.#


There were no monsters in sight!

Vanquished Creatures
  Sigmund (D:2)
  2 adders (D:2)
  A giant mite (D:2)
  A giant gecko (D:1)
  4 bats
  7 goblins
  2 hobgoblins
  3 kobolds (D:1)
  4 giant newts (D:1)
  4 rats
29 creatures vanquished.

Notes
Turn   | Place    | Note
--------------------------------------------------------------
     0 | D:1      | jacksonaction, the Octopode Transmuter, began the quest for the Orb.
     0 | D:1      | Reached XP level 1. HP: 13/13 MP: 3/3
   163 | D:1      | Reached XP level 2. HP: 12/18 MP: 4/4
   757 | D:2      | Reached XP level 3. HP: 23/23 MP: 4/6
   762 | D:2      | Learned a level 3 spell: Spider Form
   801 | D:2      | Noticed Sigmund
  1246 | D:2      | Killed Sigmund
  1246 | D:2      | Reached skill level 4 in Transmutations
  1246 | D:2      | Reached skill level 1 in Poison Magic
  1246 | D:2      | Reached XP level 4. HP: 10/28 MP: 3/7
  1490 | D:2      | Reached XP level 5. HP: 15/33 MP: 9/9
  1499 | D:2      | HP: 1/33 [poison (a potion of poison)]
  1500 | D:2      | Succumbed to poison (a potion of poison)

Action                   |  1- 3 |  4- 6 || total
-------------------------+-------+-------++-------
Melee: Unarmed           |    58 |     7 ||    65
 Cast: Beastly Appendage |     7 |       ||     7
       Spider Form       |     1 |       ||     1
  Use: Potion            |       |     4 ||     4
 Stab: Sleeping          |     6 |     1 ||     7
  Eat: Chunk             |     1 |     1 ||     2
